 Dungeon Crawl Stone Soup version 0.27-a0-46-g34d46f0a3f (webtiles) character file.

Game seed: 4892841627612428274

35 DocSulfur the Ruffian (level 3, -4/29 HPs)
             Began as a Draconian Transmuter on Jan 6, 2021.
             Slain by a gnoll
             ... wielding a +0 flail
              (11 damage)
             ... on level 2 of the Dungeon.
             The game lasted 00:02:23 (1103 turns).

DocSulfur the Ruffian (Draconian Transmuter)        Turns: 1103, Time: 00:02:24

Health: -4/29      AC:  5    Str: 13    XL:     3   Next: 16%
Magic:  6/6        EV: 12    Int: 13    God:
Gold:   74         SH:  0    Dex: 11    Spells: 3/6 levels left

rFire    . . .     SeeInvis .     - Unarmed
rCold    . . .     Faith    .   (no shield)
rNeg     . . .     Spirit   .   (armour unavailable)
rPois    .         Reflect  .   (helmet restricted)
rElec    .         Harm     .   (no cloak)
rCorr    .         Rampage  .   (no gloves)
Will     .....                  (no boots)
Stlth    +.........             (no amulet)
HPRegen  0.09/turn              (no ring)
MPRegen  0.10/turn              (no ring)

@: no status effects
A: unfitting armour, cold-blooded, AC +5
a: no special abilities


You were on level 2 of the Dungeon.
You visited 1 branch of the dungeon, and saw 2 of its levels.

You collected 74 gold pieces.

Inventory:

Missiles
 e - 5 stones (quivered)
 g - 5 atropa-tipped darts
 h - 82 arrows
 j - 21 sling bullets
Scrolls
 b - 2 scrolls of identify {unknown}
 c - 2 scrolls of remove curse {unknown}
 d - a scroll of noise {unknown}
Potions
 f - a potion of invisibility {unknown}
 i - a potion of mutation {unknown}


   Skills:
 + Level 1.8 Fighting
 - Level 1.7 Dodging
 * Level 3.4 Unarmed Combat
 + Level 2.2 Spellcasting
 * Level 2.5 Transmutations


You had 3 spell levels left.
You knew the following spells:

 Your Spells              Type           Power        Failure   Level
a - Beastly Appendage     Tmut           16%          9%          1
b - Wereblood             Tmut           8%           13%         2

Your spell library contained the following spells:

 Spells                   Type           Power        Failure   Level
 Spider Form              Tmut/Pois      2%           41%         3
 Ice Form                 Ice/Tmut       4%           82%         4
 Blade Hands              Tmut           4%           94%         5


Dungeon Overview and Level Annotations

Branches:
Dungeon (2/15)

Altars:


Innate Abilities, Weirdness & Mutations

Your plain brown scales are hard. (AC +5)
You cannot fit into any form of body armour.
You are cold-blooded and may be slowed by cold attacks.


Message History

You kill the kobold!
A gnoll comes into view. It is wielding a +0 flail.
A gnoll is nearby!
The gnoll shouts!
You hear a shout!
You see here a stone.
A gnoll comes into view. It is wielding a +0 club.
The gnoll shouts!
A gnoll comes into view.
It is wielding a +1 flail of protection.
You see here 2 stones.
You howl as the wereblood boils in your veins!
Your primal bloodlust is almost over.
Your horns disappear.
Your talons disappear.
A quokka comes into view.
Your primal bloodlust has ended.
There is a stone staircase leading up here.
The gnoll hits you with a +0 flail!
* * * LOW HITPOINT WARNING * * *
There is a stone staircase leading up, spattered with blood here.
The gnoll hits you with a +0 flail!
You die...

### ### #.###########..
####.#..........#.#
#.@g###.#.....#.#.#
#.##r#............(
####.###.#..r..g.#.#.#
#.......†......g##.#.#
#...##.##.##...#####.#.#
#.. ...##.##..## #.#g.
#...#####.##.... ..#.#
##. #.###.### ###.# #
#.# #+# #.#


You could see a gnoll and a quokka.

Vanquished Creatures
  A gnoll (D:1)
  A leopard gecko (D:2)
  A ball python (D:1)
  A giant cockroach (D:1)
  3 goblins
  5 hobgoblins (D:1)
  6 frilled lizards
  4 kobolds
  A rat (D:1)
23 creatures vanquished.

Notes
Turn   | Place    | Note
-------+----------+-------------------------------------------
     0 | D:1      | DocSulfur the Draconian Transmuter began the quest for the
                  | Orb.
     0 | D:1      | Reached XP level 1. HP: 16/16 MP: 3/3
   308 | D:1      | Reached XP level 2. HP: 23/23 MP: 3/5
   324 | D:1      | Learned a level 2 spell: Wereblood
   887 | D:1      | Reached XP level 3. HP: 18/29 MP: 4/6
  1103 | D:2      | Slain by a gnoll

Illustrated notes

Levels and vault maps discovered:
D:1:      amcnicky_arrival_double_pillar, layout_rooms
D:2:      layout_loops_corners

Action                   || total
-------------------------++-------
Melee: Unarmed           ||    52
       Kick              ||     4
       Tailslap          ||     1
       Headbutt          ||     3
       Punch             ||     1
Throw: Dart              ||     2
 Cast: Beastly Appendage ||    12
       Wereblood         ||     7
Armor: Skin              ||    13
Dodge: Dodged            ||    33

Table legend: (Time is in decaauts)
 A = Elapsed time spent in this place.
 B = Non-inter-level travel time spent in this place.
 C = Inter-level travel time spent in this place.
 D = Time resting spent in this place.
 E = Time spent auto-exploring this place.
 F = Levels seen in this place.
 G = Mean time per level.
                   A        B        C        D        E       F      G
               +--------+--------+--------+--------+--------+-----+--------+
         Total |   1101 |   1066 |     35 |      0 |    857 |   2 |  550.5 |
       Dungeon |   1101 |   1066 |     35 |      0 |    857 |   2 |  550.5 |
               +--------+--------+--------+--------+--------+-----+--------+

Top non-repeatable levels by time:
     D:1: 905 daAuts
     D:2: 196 daAuts
